AoeStats
← Goku_San

Oasis

509599633Analyzed
4v4 RM · 6d ago on Sep 27, 2026· 28m 45s· 8 players
Game mode
Random Map
Map size
Large (8 player)
Population
200
Speed
Normal
Resources
Standard
Victory
Conquest
Starting age
Dark Age
Ending age
Imperial Age
RankedLock teamsTeams togetherTeam positionsShared explorationLock speedFull tech treeHidden civsTurbo modeCheats
Victory
Defeat
🇨🇱 Ethiopians · Chile
1266
+13
🇮🇱 Franks · Israel
1258
+13
🇦🇷 Persians · Argentina
1238
+14
🇺🇸 Italians · United States
1182
+17
🇹🇼 Hindustanis · Taiwan
1293
-17
🇫🇮 Franks · Finland
1207
-15
🇵🇱 Goths · Poland
1197
-14
🇫🇮 Varangians · Finland
1104
-11
[Tps] RamsasII
6:31 Loom
9:20 Feudal Age
10:03 Double-Bit Axe
10:29 Horse Collar
17:41 Scale Barding Armor
18:29 Forging
19:06 Wheelbarrow
23:02 Castle Age
21:45 Bloodlines
22:10 Gold Mining
23:54 Chain Barding Armor
24:14 Husbandry
24:43 Heavy Plow
sbr
0:29 Loom
10:33 Feudal Age
13:00 Double-Bit Axe
18:17 Fletching
20:32 Padded Archer Armor
23:18 Wheelbarrow
25:50 Castle Age
26:02 Crossbowman
26:58 Bodkin Arrow
VaaN.
9:17 Feudal Age
10:59 Double-Bit Axe
18:47 Fletching
26:00 Castle Age
25:17 Padded Archer Armor
26:30 Gold Mining
26:10 Crossbowman
27:23 Bodkin Arrow
Goku_San
7:19 Loom
9:39 Feudal Age
10:24 Double-Bit Axe
14:04 Scale Barding Armor
15:23 Forging
19:08 Castle Age
17:48 Gold Mining
20:41 Bow Saw
21:13 Husbandry
24:12 Chain Barding Armor
25:08 Stone Mining
26:50 Wheelbarrow
27:01 Gold Shaft Mining
28:10 Iron Casting
29:28 Hand Cart
Lokietek
1:39 Loom
8:49 Feudal Age
9:18 Double-Bit Axe
10:10 Wheelbarrow
17:49 Castle Age
15:33 Horse Collar
16:37 Scale Mail Armor
18:57 Bow Saw
20:02 Gold Mining
20:14 Heavy Plow
21:19 Chain Mail Armor
22:07 Squires
22:46 Fletching
23:05 Man-at-Arms
25:05 Long Swordsman
Jopska
7:17 Loom
9:55 Feudal Age
10:35 Double-Bit Axe
17:26 Fletching
21:05 Wheelbarrow
27:13 Castle Age
26:56 Forging
26:52 Scale Barding Armor
26:47 Gold Mining
28:14 Husbandry
Matti
2:30 Loom
11:26 Feudal Age
12:34 Town Watch
13:45 Bloodlines
14:04 Scale Barding Armor
14:10 Forging
29:00 Castle Age
OnionStorM
10:03 Feudal Age
10:29 Double-Bit Axe
10:25 Horse Collar
12:44 Loom
17:44 Castle Age
17:26 Scale Barding Armor
18:48 Fletching
19:01 Padded Archer Armor
18:54 Fletching
18:38 Light Cavalry
22:44 Forging
25:32 Wheelbarrow
25:37 Bow Saw
26:15 Husbandry
26:25 Bloodlines
29:01 Bloodlines
Connection lost

Rejoining the realm…

Still unreachable

The connection could not be restored.

Session expired

The server has moved on; the page needs a fresh start.